 Dungeon Crawl Stone Soup version 0.21.0-3-g78d12a8bdd (webtiles) character file.

4272 Rrauwl the Cleaver (level 10, 0/88 HPs)
             Began as a Hill Orc Berserker on Jan 13, 2018.
             Was an Elder of Trog.
             Slain by an orc warrior
             ... wielding a +0 bardiche
              (2 damage)
             ... in a bailey.
             The game lasted 00:26:20 (7643 turns).

Rrauwl the Cleaver (Hill Orc Berserker)             Turns: 7643, Time: 00:26:20

Health: 0/88       AC: 20    Str: 27    XL:     10   Next: 31%
Magic:  10/10      EV:  8    Int: 10    God:    Trog [****..]
Gold:   482        SH:  0    Dex: 10    Spells: 9/9 levels left

rFire    + . .     SeeInvis .   a - +0 war axe
rCold    . . .     Gourm    .   (no shield)
rNeg     . . .     Faith    .   f - +2 plate armour {rF+}
rPois    .         Spirit   .   t - +0 helmet (curse)
rElec    .         Reflect  .   y - +0 cloak (curse)
rCorr    .         Harm     .   (no gloves)
MR       ++...                  e - +0 pair of boots
Stlth    ..........             (no amulet)
HPRegen  1.24/turn              r - +3 ring of intelligence
MPRegen  0.12/turn              m - ring of stealth

@: mighty, berserk cooldown, regenerating, hasted and slowed
A: camouflage 1, clumsy 1, wild magic 1
a: Berserk, Trog's Hand, Brothers in Arms, Burn Spellbooks, Renounce Religion


You were in a bailey.
You worshipped Trog.
Trog was greatly pleased with you.
You were very hungry.

You visited 2 branches of the dungeon, and saw 8 of its levels.
You also visited: Bailey.

You collected 482 gold pieces.

Inventory:

Hand Weapons
 a - a +0 war axe (weapon)
 c - the +7 flail of the Eel {flame, rElec MR+ Str-4}
   (You found it on level 6 of the Dungeon)

   It has been specially enchanted to burn those struck by it, causing extra
   injury to most foes and up to half again as much damage against particularly
   susceptible opponents.
   It affects your strength (-4).
   It insulates you from electricity.
   It affects your resistance to hostile enchantments.
Missiles
 x - 2 throwing nets (quivered)
Armour
 e - a +0 pair of boots (worn)
 f - a +2 plate armour of fire resistance (worn)
 t - a cursed +0 helmet (worn)
 y - a cursed +0 cloak (worn)
Jewellery
 d - an uncursed ring of flight
 m - a ring of stealth (right hand)
 r - a +3 ring of intelligence (left hand)
Wands
 k - a wand of digging (6)
 v - a wand of polymorph (6)
 z - a wand of paralysis (11)
Scrolls
 h - 4 scrolls of remove curse
 i - 7 scrolls of identify
 n - 6 scrolls of teleportation
 o - a scroll of blinking
 w - a scroll of enchant armour
Potions
 b - a potion of might
 u - a potion of berserk rage
Comestibles
 g - 5 rations


   Skills:
 - Level 8.0 Fighting
 + Level 14.0 Axes
 + Level 8.9 Armour
 - Level 2.0 Dodging


You had 9 spell levels left.
You didn't know any spells.

Dungeon Overview and Level Annotations

Branches:
Dungeon (7/15)             Temple (1/1) D:4

Altars:
Ashenzari
Cheibriados
Dithmenos
Elyvilon
Fedhas
Gozag
Hepliaklqana
Kikubaaqudgha
Makhleb
Nemelex Xobeh
Okawaru
Qazlal
Ru
Sif Muna
Trog
Uskayaw
Vehumet
Wu Jian
Xom
Yredelemnul
Zin
The Shining One


Innate Abilities, Weirdness & Mutations

Your skin changes colour to match your surroundings (Stealth+).
You are clumsy. (Dex -2)
Your spells are a little harder to cast, but a little more powerful.


Message History

The centaur hits you but does no damage.
The orc warrior hits you with a bardiche!
* * * LOW HITPOINT WARNING * * *
The centaur closely misses you.
Your plate armour prevents you from hitting the centaur.
The centaur is moderately wounded.
You miss the orc warrior.
The centaur hits you but does no damage.
Unknown command.
The centaur shouts!
You hit the centaur but do no damage.
The centaur is moderately wounded.
You closely miss the orc warrior.
The orc warrior hits you with a bardiche.
* * * LOW HITPOINT WARNING * * *
The centaur hits you but does no damage.
You feel very mighty all of a sudden. The centaur closely misses you.
The orc warrior hits you with a bardiche.
You die...

≈≈.≈≈....≈≈≈≈≈≈≈....≈≈
≈≈.≈.....≈≈≈≈≈≈≈.....≈.≈≈
≈≈.≈...(.≈≈≈.≈≈≈.....≈.≈≈
≈≈.≈...(.≈≈≈}≈≈≈.....≈.≈≈
≈≈.≈.....≈≈≈[≈≈≈.....≈c≈≈
≈≈.≈.....≈≈≈≈≈≈≈.....≈.≈≈
≈≈.≈≈..(.≈≈≈≈≈≈≈....≈≈.≈≈
≈≈≈.≈.....≈≈≈≈≈.....≈.≈≈≈
≈≈≈.≈≈.⌠.)≈≈≈≈≈c@⌠.≈≈.≈≈≈
≈≈≈≈.≈.....≈≈≈.o...≈o≈≈≈≈
≈≈≈≈.≈≈≈..)))....≈≈≈.≈≈≈≈
≈≈≈≈≈..≈≈≈.....≈≈≈..≈≈≈≈≈
≈≈≈≈≈≈≈..≈≈≈.≈≈≈..≈≈≈≈≈≈≈
#≈≈≈≈≈≈≈≈.......≈≈≈≈≈≈≈≈#
##≈≈≈≈≈≈≈≈≈≈≈≈≈≈≈≈≈≈≈≈≈##
##≈≈≈≈≈≈≈≈≈≈≈≈≈≈≈≈≈≈≈##
#####################


You could see an orc warrior, 2 centaurs and an orc.

Vanquished Creatures
  A gargoyle (D:7)
  The ghost of BrokenGlass the Martial Artist, a novice OpFi of Ru (D:5)
  4 yaks (D:6)
  Menkaure (D:6)
  8 orc warriors (Bailey)
  A phantom (D:6)
  An ice beast (D:6)
  2 ogres
  5 centaurs
  A bullfrog (D:7)
  A scorpion (D:6)
  A howler monkey (D:4)
  4 crimson imps
  A quasit (D:7)
  5 hounds
  2 orc priests
  9 orc wizards
  A bullfrog skeleton (D:7)
  An iguana (D:3)
  7 worker ants
  13 gnolls
  A worker ant zombie (D:6)
  11 adders
  2 shadow imps (D:5)
  An ooze (D:4)
  An adder skeleton (D:4)
  2 adder zombies (D:5)
  3 worms
  3 dart slugs
  8 leopard geckos
  47 orcs
  4 ball pythons
  4 bats
  8 giant cockroaches
  12 goblins
  8 hobgoblins
  2 jackals (D:2)
  4 quokkas (D:3)
  10 frilled lizards
  A giant cockroach zombie (D:6)
  9 kobolds
  A quokka skeleton (D:5)
  2 quokka zombies
  8 rats
222 creatures vanquished.

Vanquished Creatures (collateral kills)
  An orc warrior (Bailey)
1 creature vanquished.

Vanquished Creatures (others)
  A plant (D:3)
1 creature vanquished.

Grand Total: 224 creatures vanquished

Notes
Turn   | Place    | Note
-------+----------+-------------------------------------------
     0 | D:1      | Rrauwl the Hill Orc Berserker began the quest for the Orb.
     0 | D:1      | Reached XP level 1. HP: 19/19 MP: 1/1
    79 | D:1      | Reached XP level 2. HP: 23/27 MP: 2/2
   376 | D:1      | Reached XP level 3. HP: 32/33 MP: 3/3
   468 | D:1      | Gained mutation: You are clumsy. (Dex -2) [potion of mutation]
   468 | D:1      | Gained mutation: Your skin changes colour to match your surroundings (Stealth+). [potion of mutation]
   468 | D:1      | Gained mutation: Your spells are a little harder to cast, but a little more powerful. [potion of mutation]
   492 | D:1      | Reached skill level 5 in Axes
   860 | D:2      | Reached ** piety under Trog
   865 | D:2      | Reached XP level 4. HP: 40/40 MP: 4/4
   888 | D:2      | Reached skill level 6 in Axes
  1364 | D:2      | Reached XP level 5. HP: 46/46 MP: 5/5
  1368 | D:2      | Reached skill level 7 in Axes
  1602 | D:2      | Found a hazy altar of Hepliaklqana.
  1603 | D:2      | Found a shattered altar of Ashenzari.
  1792 | D:2      | Found a basalt altar of Yredelemnul.
  1891 | D:3      | Found a burning altar of Makhleb.
  1986 | D:3      | Reached XP level 6. HP: 27/52 MP: 6/6
  2136 | D:3      | Found a faded altar of an unknown god.
  2537 | D:4      | Reached *** piety under Trog
  2539 | D:4      | Reached skill level 8 in Axes
  2833 | D:4      | Reached XP level 7. HP: 39/59 MP: 7/7
  2873 | D:4      | Found a staircase to the Ecumenical Temple.
  2883 | Temple   | Entered the Ecumenical Temple
  3153 | D:4      | Reached skill level 9 in Axes
  3455 | D:5      | Entered Level 5 of the Dungeon
  3483 | D:5      | Reached skill level 5 in Armour
  3673 | D:5      | Noticed BrokenGlass's ghost (novice OpFi)
  3681 | D:5      | Killed BrokenGlass's ghost
  3681 | D:5      | Reached skill level 10 in Axes
  3681 | D:5      | Reached XP level 8. HP: 66/66 MP: 8/8
  3783 | D:5      | Reached **** piety under Trog
  4406 | D:5      | Found a deep blue altar of Sif Muna.
  4499 | D:6      | Reached skill level 11 in Axes
  4579 | D:6      | Got a warped flail
  4580 | D:6      | Identified the +7 flail of the Eel {flame, rElec MR+ Str-4} (You found it on level 6 of the Dungeon)
  4619 | D:6      | Reached skill level 5 in Fighting
  4969 | D:6      | Reached XP level 9. HP: 75/75 MP: 9/9
  4978 | D:6      | Noticed Menkaure
  4985 | D:6      | Killed Menkaure
  5240 | D:6      | Found an opulent altar of Gozag.
  5490 | D:6      | Reached skill level 12 in Axes
  5663 | D:6      | Reached ***** piety under Trog
  6029 | D:7      | Noticed a gargoyle
  6043 | D:7      | Killed a gargoyle
  6043 | D:7      | Reached skill level 13 in Axes
  6207 | D:7      | Found a burning altar of Makhleb.
  6290 | D:7      | Found a flagged portal.
  6304 | Bailey   | Entered a bailey
  6364 | Bailey   | Reached XP level 10. HP: 28/88 MP: 10/10
  7618 | Bailey   | Reached skill level 14 in Axes
  7640 | Bailey   | HP: 3/88 [orc warrior/bardiche (11)]
  7642 | Bailey   | HP: 1/88 [orc warrior/bardiche (4)]
  7643 | Bailey   | Slain by an orc warrior

Skill      XL: |  1  2  3  4  5  6  7  8  9 10 |
---------------+-------------------------------+-----
Fighting       | 4 5 8 |  8.0
Dodging        | 2 |  2.0
Axes           | 5 6 7 8 10 11 13 14 | 14.0
Armour         | 4 6 7 8 |  8.9

Action                   |  1- 3 |  4- 6 |  7- 9 | 10-12 || total
-------------------------+-------+-------+-------+-------++-------
Melee: Hand axe          |    83 |   294 |   278 |       ||   655
       War axe           |       |       |   135 |   127 ||   262
Invok: Berserk           |     2 |     2 |     7 |     3 ||    14
       Brothers in Arms  |       |       |     1 |     2 ||     3
       Trog's Hand       |       |       |     1 |     1 ||     2
       Burn Spellbooks   |       |       |     1 |       ||     1
  Use: Potion            |     6 |     4 |     2 |     6 ||    18
       Scroll            |     3 |     4 |     4 |       ||    11
  Eat: Chunk             |     1 |    10 |    18 |     4 ||    33
       Ration            |       |       |       |     1 ||     1
Armor: Animal skin       |     6 |       |       |       ||     6
       Chain mail        |    22 |    32 |       |       ||    54
       Plate armour      |       |   106 |   241 |    93 ||   440
Dodge: Dodged            |    52 |    92 |   122 |    66 ||   332
